 Dungeon Crawl Stone Soup version 0.29.1-15-g9cfb28693d (webtiles) character file.

Game seed: 14826272959726829239

36 protoss039 the Digger (level 3, 26/26 HPs)
             Began as a Demonspawn Earth Elementalist on Mar 13, 2023.
             Got out of the dungeon alive.
             The game lasted 00:01:02 (1532 turns).

protoss039 the Digger (DsEE)                        Turns: 1532, Time: 00:01:03

Health: 26/26      AC:  4    Str:  8    XL:     3   Next: 19%
Magic:  6/6        EV: 11    Int: 18    God:
Gold:   47         SH:  0    Dex: 13    Spells: 5/6 levels left

rFire   . . .      SeeInvis .   g - +0 sling
rCold   . . .      Faith    .   (no shield)
rNeg    . . .      Spirit   .   f - +1 leather armour {rPois}
rPois   +          Reflect  .   (no helmet)
rElec   .          Harm     .   (no cloak)
rCorr   .          Rampage  .   (no gloves)
Will    .....                   (no boots)
Stlth   ++........              (no amulet)
HPRegen 0.08/turn               (no ring)
MPRegen 0.10/turn               (no ring)

@: no status effects
A: weakness stinger 2
a: no special abilities


You escaped.
You visited 1 branch of the dungeon, and saw 1 of its levels.

You collected 47 gold pieces.

Inventory:

Hand Weapons
 e - a +0 dagger
 g - a +0 sling (weapon)
Armour
 f - a +1 leather armour of poison resistance (worn)
Scrolls
 a - a scroll of amnesia {unknown}
 c - a scroll of blinking {unknown}
 h - a scroll of butterflies {unknown}
 j - a scroll of silence {unknown}
 l - a scroll of magic mapping {unknown}
 o - a scroll of fear {unknown}
Potions
 b - a potion of magic
 d - a potion of flight {unknown}
 i - 2 potions of heal wounds {unknown}
 k - a potion of lignification {unknown}
 m - a potion of brilliance {unknown}
 n - a potion of attraction {unknown}


   Skills:
 + Level 1.1 Fighting
 * Level 1.3 Armour
 - Level 1.7 Dodging
 - Level 1.7 Stealth
 + Level 2.3 Spellcasting
 - Level 0.8 Transmutations
 + Level 3.0 Earth Magic


You had 5 spell levels left.
You knew the following spells:

 Your Spells              Type           Power      Damage    Failure   Level
a - Sandblast             Erth           26%        2d8       7%          1

Your spell library contained the following spells:

 Spells                   Type           Power      Damage    Failure   Level
 Passwall                 Tmut/Erth      7%         N/A       17%         2
 Stone Arrow              Conj/Erth      14%        3d7       36%         3
 Petrify                  Tmut/Erth      9%         N/A       73%         4


Dungeon Overview and Level Annotations

Branches:
Dungeon (1/15) Zot: 4427

Altars:


Innate Abilities, Weirdness & Mutations

You have a tail ending in a sharp stinger.


Message History

You shoot a sling bullet.
The sling bullet closely misses the ball python.
A ball python is nearby!
You shoot a sling bullet. The sling bullet hits the ball python.
You kill the ball python!
You see here a ball python corpse.
Found a stone staircase leading down.
No target in view!
There is a stone staircase leading down here.
Things that are here:
a +0 club; a goblin skeleton; a ball python skeleton
Items here: )) ÷÷.
Items here: )) ÷÷.
Things that are here:
a +0 short sword; 2 stones
Found 3 stones.
Found a stone staircase leading down.
No target in view!
You see here 3 stones.
A rat comes into view.
You shoot a sling bullet. The sling bullet hits the rat!
You kill the rat!
You see here a rat corpse.
Found an escape hatch in the floor.
No target in view!
o - a scroll labelled VYIK JUMIP No target in view!
Found an escape hatch in the floor.
No target in view!
You now have 47 gold pieces (gained 6).
There is an escape hatch in the floor here.
Done exploring.
No target in view!
Done exploring.
Done exploring.
No target in view!
No target in view!
Done exploring.
There is a staircase leading out of the dungeon here.
Are you sure you want to leave the Dungeon?
This will make you lose the game!
You have escaped!

.......#...#.#.#.#.#.#.#.##.##...
###....#####.#.###.###.#.##.##.##
###^.#.......#>..........>.....).
.).....#####.#.###.###..###.##.##
###..#.#...#.#.#.#.#.#..###.##[##
.....#.###.###.#.###.#..#........
###.##...#>....#..>..#..#.#(##.##
#.##.###.###.###.###..#.#.##.##
#.##.#...#.#..@#.#....#.#......
#....#####.#####.###..#.####...
####...........................
#...#######.########.####...
#.#.# #.#####.....###... #.#.#
#.....#.##........ ######.#.#
#####.#.##.######. .......#.#
#.#.#......... ########.#
#.#.#..#######


There were no monsters in sight!

Vanquished Creatures
  A dart slug (D:1)
  4 endoplasms (D:1)
  2 giant cockroaches (D:1)
  5 goblins (D:1)
  A hobgoblin (D:1)
  7 kobolds (D:1)
  2 quokkas (D:1)
  3 ball pythons (D:1)
  3 bats (D:1)
  3 rats (D:1)
31 creatures vanquished.

Notes
Turn   | Place    | Note
-------+----------+-------------------------------------------
     0 | D:1      | protoss039 the Demonspawn Earth Elementalist began the
                  | quest for the Orb.
     0 | D:1      | Reached XP level 1. HP: 13/13 MP: 3/3
   484 | D:1      | Gained mutation: You have a small tail. [demonic ancestry]
   484 | D:1      | Reached XP level 2. HP: 19/20 MP: 5/5
   768 | D:1      | Reached skill level 1 in Armour
   934 | D:1      | Reached skill level 1 in Fighting
   964 | D:1      | Reached skill level 3 in Earth Magic
  1019 | D:1      | Gained mutation: You have a tail ending in a sharp stinger.
                  | [demonic ancestry]
  1019 | D:1      | Reached XP level 3. HP: 26/26 MP: 6/6
  1532 | D:$      | Got out of the dungeon alive.

Illustrated notes

Levels and vault maps discovered:
D:1:      evilmike_arrival_hilbert_curve, layout_loops_ring

Skill      XL: |  1  2 |
---------------+-------+-----
Armour         | 1 |  1.3
Fighting       | 1 |  1.1
Earth Magic    | 3 |  3.0
Dodging        | |  1.7
Stealth        | |  1.7
Spellcasting   | |  2.3
Transmutations | |  0.8

Action                   || total
-------------------------++-------
Melee: Dagger            ||     4
 Fire: Sling             ||    80
 Cast: Sandblast         ||    10
Armor: Leather armour    ||    15
Dodge: Dodged            ||    22
